 Dungeon Crawl Stone Soup version 0.31.0-9-g3a7656b989 (webtiles) character file.

Game seed: 694193107929957439

940 ssalbiz the Thaumaturge (level 7, -1/36 HPs)
             Began as a Deep Elf Conjurer on Jan 25, 2024.
             Was a Follower of Vehumet.
             Slain by a quokka (2 damage)
             ... on level 5 of the Dungeon.
             The game lasted 00:08:34 (5606 turns).

ssalbiz the Thaumaturge (Deep Elf Conjurer)         Turns: 5606, Time: 00:08:34

Health: -1/36      AC:  3    Str:  4    XL:     7   Next: 88%
Magic:  4/21       EV: 12    Int: 25    God:    Vehumet [*.....]
Gold:   171        SH:  0    Dex: 13    Spells: 16/23 levels left

rFire   . . .        (no weapon)
rCold   . . .        (no shield)
rNeg    . . .        a - +0 robe
rPois   .            (no helmet)
rElec   .            (no cloak)
rCorr   .            q - +0 pair of gloves
SInv    .            (no boots)
Will    .....        (no amulet)
Stlth   ++           (no ring)
HPRegen 0.26/turn    (no ring)
MPRegen 0.17/turn

%: no passive effects
@: no status effects
A: no striking features
a: Renounce Religion


You were on level 5 of the Dungeon.
You worshipped Vehumet.
Vehumet was aware of your devotion.
You visited 1 branch of the dungeon, and saw 5 of its levels.

You collected 171 gold pieces.

Inventory:

Armour
 a - a +0 robe (worn)
 q - a +0 pair of gloves (worn)
Scrolls
 c - a scroll of enchant armour {unknown}
 e - 3 scrolls of identify {unknown}
 g - 3 scrolls of amnesia {unknown}
 i - 2 scrolls of teleportation {unknown}
 k - a scroll of fear {unknown}
 l - 2 scrolls of noise {unknown}
 o - a scroll of blinking {unknown}
 p - a scroll of acquirement {unknown}
 r - a scroll of poison {unknown}
Potions
 b - a potion of magic
 d - a potion of might {unknown}
 f - 2 potions of attraction {unknown}
 h - a potion of cancellation {unknown}
 j - a potion of heal wounds {unknown}
 m - 2 potions of curing {unknown}
 n - a potion of brilliance {unknown}


   Skills:
 - Level 2.5 Dodging
 - Level 2.5 Stealth
 + Level 8.8 Spellcasting
 + Level 8.3 Conjurations


You had 16 spell levels left.
You knew the following spells:

 Your Spells              Type           Power      Damage    Failure   Level
a - Magic Dart            Conj           100%       1d8       1%          1
b - Searing Ray           Conj           100%       2d8       1%          2
c - Iskenderun's Mystic   Conj/Tloc      31%        2d8       10%         4

Your spell library contained the following spells:

 Spells                   Type           Power      Damage    Failure   Level
 Sting                    Conj/Alch      100%       1d9       1%          1
 Slow                     Hex            44%        N/A       5%          1
 Ensorcelled Hibernation  Hex/Ice        22%        N/A       9%          2
 Fulminant Prism          Conj/Alch      15%        3d10      10%         4
 Confusing Touch          Hex            11%        N/A       17%         3
 Fugue of the Fallen      Necr           11%        N/A       17%         3
 Sigil of Binding         Hex            11%        N/A       17%         3
 Vampiric Draining        Necr           11%        2d6       17%         3
 Anguish                  Hex/Necr       5%         N/A       50%         4


Dungeon Overview and Level Annotations

Branches:
Dungeon (5/15)
 Temple: D:4-7

Altars:
Cheibriados
Elyvilon
Fedhas
Gozag
Kikubaaqudgha
Ru
Vehumet
Xom
Yredelemnul

Shops:
D:1 ?

Annotations:
D:3 Grinder


Message History

* * * LOW HITPOINT WARNING * * *
Casting: Searing Ray (safe; 1% risk of failure)
Confirm with . or Enter, or press ? or * to list all spells.
Aiming: Searing Ray (safe; 1% risk of failure)
Press: ? - help, Shift-Dir - straight line, f - orc priest
Aim: an orc priest, wielding a +0 dagger (almost dead, 83% to hit)
The searing ray hits the orc priest.
You kill the orc priest!
Vehumet accepts your kill. (Press . to maintain the ray.)
A hound comes into view.
The orc hits you with a +0 hand axe.
* * * LOW HITPOINT WARNING * * *
Items here: )) ††.
The orc attacks as it pursues you! The orc closely misses you.
An orc comes into view. It is wielding a +0 flail.
The orc shouts!
Casting: Searing Ray (safe; 1% risk of failure)
Confirm with . or Enter, or press ? or * to list all spells.
Aiming: Searing Ray (safe; 1% risk of failure)
Press: ? - help, Shift-Dir - straight line, f - orc
Aim: an orc, wielding a +0 hand axe (83% to hit)
The searing ray hits the orc!
You kill the orc!
Vehumet accepts your kill. (Press . to maintain the ray.)
A quokka comes into view.
The orc barely misses you. The orc attacks as it pursues you!
The orc hits you but does no damage. The orc attacks as it pursues you!
The orc barely misses you. The orc attacks as it pursues you!
The orc hits you with a +0 flail.
* * * LOW HITPOINT WARNING * * *
The orc attacks as it pursues you! The orc barely misses you.
The orc attacks as it pursues you! The orc hits you with a +0 flail.
* * * LOW HITPOINT WARNING * * *
The orc attacks as it pursues you! The orc hits you with a +0 flail!
* * * LOW HITPOINT WARNING * * *
There is a stone staircase leading up, spattered with blood here.
The quokka bites you.
You die...

...........#
#........#.. #........#
.# #........# ..###
######..## ...#
....##..######.#####
###.##...)........<####
...............o......#
##.............r@.....#
#####.#.........(....#
#....#..........####
####....#..........#
........#####.######
####....# #.# ######
#.# ..# ###


You could see an orc and a quokka.

Vanquished Creatures
  A water moccasin (D:3)
  A black bear (D:5)
  A centaur (D:5)
  2 wights (D:4)
  A howler monkey (D:5)
  A human zombie (D:4)
  A jelly (D:4)
  A centaur zombie (D:4)
  5 hounds
  2 orc priests
  2 hound zombies (D:4)
  4 mummies (D:4)
  3 gnolls
  2 adders
  2 adder zombies (D:4)
  A dart slug (D:1)
  2 ribbon worms
  11 orcs
  4 ball pythons
  2 bats
  4 endoplasms
  3 giant cockroaches
  6 hobgoblins
  4 jackals
  7 kobolds
  4 quokkas
  3 frilled lizards
  7 goblins
  3 rats (D:1)
90 creatures vanquished.

Notes
Turn   | Place    | Note
-------+----------+-------------------------------------------
     0 | D:1      | ssalbiz the Deep Elf Conjurer began the quest for the Orb.
     0 | D:1      | Reached XP level 1. HP: 10/10 MP: 6/6
   216 | D:1      | Reached XP level 2. HP: 15/15 MP: 1/8
   288 | D:1      | Learned a level 2 spell: Searing Ray
   391 | D:1      | Found Hibat's Magic Scroll Shoppe.
   605 | D:1      | Reached XP level 3. HP: 19/19 MP: 5/10
   688 | D:1      | Reached skill level 5 in Conjurations
  1648 | D:3      | Noticed Grinder
  2335 | D:3      | Reached XP level 4. HP: 24/24 MP: 7/12
  2605 | D:3      | Found a shimmering altar of Xom.
  2712 | D:3      | Found a snail-covered altar of Cheibriados.
  3067 | D:3      | Noticed a water moccasin
  3076 | D:3      | Killed a water moccasin
  3077 | D:3      | Reached skill level 5 in Spellcasting
  3077 | D:3      | Reached XP level 5. HP: 17/28 MP: 4/15
  3249 | D:3      | Paralysed by Grinder for 2 turns
  3266 | D:3      | Paralysed by Grinder for 2 turns
  3553 | D:4      | Learned a level 4 spell: Iskenderun's Mystic Blast
  3658 | D:4      | Found an opulent altar of Gozag.
  3659 | D:4      | Found a radiant altar of Vehumet.
  3659 | D:4      | Found a sacrificial altar of Ru.
  3659 | D:4      | Found an ancient bone altar of Kikubaaqudgha.
  3660 | D:4      | Found a white marble altar of Elyvilon.
  3744 | D:4      | Became a worshipper of Vehumet
  3792 | D:4      | Reached XP level 6. HP: 32/32 MP: 12/17
  4087 | D:4      | Found a basalt altar of Yredelemnul.
  4759 | D:4      | Reached XP level 7. HP: 21/36 MP: 11/19
  5141 | D:5      | Entered Level 5 of the Dungeon
  5442 | D:5      | Reached * piety under Vehumet
  5442 | D:5      | Offered knowledge of Sting by Vehumet.
  5516 | D:5      | Found a blossoming altar of Fedhas.
  5604 | D:5      | HP: 1/36 [orc/+0 flail (8)]
  5606 | D:5      | Slain by a quokka

Illustrated notes

Levels and vault maps discovered:
D:1:      tarquinn_simple_flora_water_d, layout_basic, serial_shops,
          nicolae_shop_window_shopping, minmay_misc_feat_rugged
D:2:      layout_basic, nicolae_underground_beach
D:3:      layout_basic, mainiacjoe_overflow_boulevard, slow_altar_2,
          serial_glass, glass_columns_a, glass_columns_a,
          hangedman_decor_clover_reticule, minmay_misc_feat_secret_circle,
          uniq_grinder
D:4:      layout_loops_cross, lemuel_mausoleum_altar_yredelemnul, minitemple,
          kennysheep_generic_room_11
D:5:      layout_rooms, mainiacjoe_overflow_surrounded_room, fedhas_altar_2,
          minmay_temple_entry_purple_smoke, kennysheep_pointless_box

Skill      XL: |  1  2  3  4  5  6  7 |
---------------+----------------------+-----
Spellcasting   | 4 5 6 7 8 |  8.8
Conjurations   | 5 6 7 8 |  8.3
Dodging        | |  2.5
Stealth        | |  2.5

Action                     |  1- 3 |  4- 6 |  7- 9 || total
---------------------------+-------+-------+-------++-------
   Cast: Magic Dart        |    68 |    29 |    16 ||   113
         Searing Ray       |     4 |    26 |    12 ||    42
         Iskenderun's Myst |       |       |     1 ||     1
 Armour: Robe              |     5 |    19 |    34 ||    58
  Dodge: Dodged            |     4 |    26 |    22 ||    52
